 Dungeon Crawl Stone Soup version 0.24-a0-378-g94936e539c (webtiles) character file.

Game seed: 13392073455844203538

42 Iscandelvey the Vexing (level 3, 0/26 HPs)
             Began as a Demonspawn Arcane Marksman on June 1, 2019.
             Slain by an adder (3 damage)
             ... on level 2 of the Dungeon.
             The game lasted 00:00:47 (939 turns).

Iscandelvey the Vexing (Demonspawn Arcane Marksman)  Turns: 939, Time: 00:00:48

Health: 0/26       AC:  2    Str: 10    XL:     3   Next: 33%
Magic:  5/5        EV: 12    Int: 15    God:
Gold:   52         SH:  0    Dex: 13    Spells: 4/5 levels left

rFire    . . .     SeeInvis .   a - +0 hunting sling
rCold    . . .     Gourm    .   (no shield)
rNeg     . . .     Faith    .   e - +0 robe
rPois    .         Spirit   .   (helmet restricted)
rElec    .         Reflect  .   (no cloak)
rCorr    .         Harm     .   (no gloves)
MR       .....                  (no boots)
Stlth    +.........             (no amulet)
HPRegen  0.08/turn              (no ring)
MPRegen  0.09/turn              (no ring)

@: lethally poisoned (0 -> -6)
A: horns 1
a: no special abilities


You were on level 2 of the Dungeon.
You were not hungry.

You visited 1 branch of the dungeon, and saw 2 of its levels.

You collected 52 gold pieces.

Inventory:

Hand Weapons
 a - a +0 hunting sling (weapon)
Missiles
 d - 13 sling bullets (quivered)
 h - 44 stones
Armour
 e - a +0 robe (worn)
Scrolls
 b - a scroll of identify {unknown}
 g - 2 scrolls of remove curse {unknown}
 i - a scroll of fear {unknown}
 j - 2 scrolls of amnesia {unknown}
Potions
 c - 2 potions of curing
Comestibles
 f - 2 rations


   Skills:
 - Level 1.0 Fighting
 - Level 1.7(2.1) Slings
 * Level 1.5(2.0) Throwing
 + Level 2.2 Dodging
 + Level 1.5 Spellcasting
 + Level 3.3 Hexes


You had 4 spell levels left.
You knew the following spells:

 Your Spells              Type           Power        Failure   Level  Hunger
a - Corona                Hex            ##.....      6%          1    ##.....

Your spell library contained the following spells:

 Spells                   Type           Power        Failure   Level  Hunger
 Slow                     Hex            ##......     9%          2    ###....
 Inner Flame              Hex/Fire       #.......     34%         3    ####...
 Portal Projectile        Hex/Tloc       #.....       34%         3    ####...
 Cause Fear               Hex            ##........   52%         4    #####..
 Leda's Liquefaction      Hex/Erth       #.........   75%         4    #####..


Dungeon Overview and Level Annotations

Branches:
Dungeon (2/15)

Altars:


Innate Abilities, Weirdness & Mutations

You have a pair of small horns on your head.


Message History

Aim: an adder (heavily wounded)
You shoot a sling bullet.
The sling bullet barely misses the adder.
The adder barely misses you. The adder closely misses you.
Firing (i - inventory. (/) - cycle)
d - 15 sling bullets (quivered)
Press: ? - help, Shift-Dir - straight line, f/p - adder
Aim: an adder (heavily wounded)
You shoot a sling bullet. The sling bullet hits the adder.
The adder is heavily wounded.
The adder bites you.
* * * LOW HITPOINT WARNING * * *
Firing (i - inventory. (/) - cycle)
d - 14 sling bullets (quivered)
Press: ? - help, Shift-Dir - straight line, f/p - adder
Aim: an adder (heavily wounded)
You shoot a sling bullet. The sling bullet misses the adder.
The adder bites you.
* * * LOW HITPOINT WARNING * * *
You are lethally poisoned!
The adder poisons you! The adder bites you.
You die...

#.......(
#........
#.......( ########
#.......( .......#
#....(..( .......#
#........ .......#
#.S(..... .......#
#@#
.......#########.#
(................#
######.)†..#######
#.......†...#
#.###.....#.# ##)#
#.....#.# ...#
#.....#.# ####
#.....#.#


You could see an adder.

Vanquished Creatures
  2 adders (D:2)
  A worm (D:2)
  A dart slug (D:1)
  A bat (D:1)
  4 goblins
  3 hobgoblins
  2 kobolds
  A frilled lizard (D:1)
  4 rats
19 creatures vanquished.

Notes
Turn   | Place    | Note
-------+----------+-------------------------------------------
     0 | D:1      | Iscandelvey the Demonspawn Arcane Marksman began the quest
                  | for the Orb.
     0 | D:1      | Reached XP level 1. HP: 15/15 MP: 2/2
   340 | D:1      | Gained mutation: You have a pair of small horns on your
                  | head. [demonic ancestry]
   340 | D:1      | Reached XP level 2. HP: 19/21 MP: 3/3
   377 | D:1      | Reached skill level 1 in Throwing
   923 | D:2      | Reached XP level 3. HP: 21/26 MP: 5/5
   939 | D:2      | Slain by an adder

Levels and vault maps discovered:
D:1:      roderic_crop_circles_arrival_small, layout_basic
D:2:      layout_basic

Skill      XL: |  1  2 |
---------------+-------+-----
Dodging        | 2 |  2.2
Throwing       | 1 |  1.5
Fighting       | |  1.0
Slings         | |  1.7
Spellcasting   | |  1.5
Hexes          | |  3.3

Action                   || total
-------------------------++-------
 Fire: Hunting sling     ||    61
  Use: Potion            ||     1
Armor: Robe              ||     2
Dodge: Dodged            ||    13

Table legend:
 A = Non-vault XP
 B = Vault XP
 C = Vault XP percentage of total XP
 D = Non-vault monster count
 E = Vault monster count
 F = Vault count percentage of total count
                 A         B        C        D         E       F
            +---------+---------+-------+---------+---------+-------
      Total |      60 |       0 |   0.0 |      19 |       0 |   0.0
            +---------+---------+-------+---------+---------+-------
        D:1 |      21 |       0 |   0.0 |      12 |       0 |   0.0
        D:2 |      39 |       0 |   0.0 |       7 |       0 |   0.0
            +---------+---------+-------+---------+---------+-------
